[Event "South Island Championships 2023"]
[Site "Oamaru, New Zealand"]
[Date "????.??.??"]
[Round "5.6"]
[White "Zhang, Kendrick Botong"]
[Black "Wang, Justin Zhide"]
[Result "1-0"]
[TimeControl "90 + 30"]
[WhiteFideId "4307704"]
[BlackFideId "4312830"]
[WhiteElo "2067"]
[BlackElo "1849"]

1. e4 e6 2. d4 d5 3. Nc3 Nf6 4. e5 Nfd7 5. f4 c5 6. Nf3 Nc6 7. Be3 a6 8. Qd2 b5 9. a3 Qb6 10.
Ne2 Bb7 11. dxc5 Bxc5 12. Ned4 Nxd4 13. Bxd4 Bxd4 14. Nxd4 Rc8 15. Be2 Nc5 16. O-O O-O 17. Rad1 Na4 18. c3 Nc5 19. Bg4 Ne4 20.
Qe3 f5 21. Nxf5 Qxe3+ 22. Nxe3 Rce8 23. f5 exf5 24. Bxf5 g6 25. Bxe4 Rxf1+ 26. Kxf1 dxe4 27. Ng4 Re7 28. Nf6+ Kg7 29. Rd7 Kf7 30. Rxe7+ Kxe7 31. Nxh7 Ke6 32. Nf8+ Kxe5 33. Nxg6+ Kf5 34. Nh4+ Kg5 35.
g3 Kg4 36. Kf2 Kh3 37. Nf5 Kxh2 38. Ke3 Kh3 39. Kf4 Bd5 40. g4 Be6 41. Ne3 Kh2 42. Kxe4 Kg3 43. g5 Kf2 44. Nd5 Ke1 45.
Nc7 Bg8 46. Nxa6 Kd2 47. Nc7 Kc2 48. Nxb5 Kxb2 49. Kd4 Kb3 50. g6 Be6 51. g7 Bg8 52. Kc5 Ka4 53. c4 Ka5 54. Nc3 Ka6 55.
Kb4 Kb6 56. Ne4 1-0

[Event "South Island Championships 2023"]
[Site "Oamaru, New Zealand"]
[Date "????.??.??"]
[Round "6.4"]
[White "Johnson, Quentin J F"]
[Black "Liu, William Rui"]
[Result "1/2-1/2"]
[TimeControl "90 + 30"]
[WhiteFideId "4301480"]
[BlackFideId "4313593"]
[WhiteElo "2089"]
[BlackElo "2094"]

1. d4 Nf6 2. c4 e6 3. Nc3 Bb4 4. e3 O-O 5. Nge2 d5 6. a3 Bxc3+ 7. Nxc3 b6 8. Bd3 Bb7 9. O-O Nbd7 10.
cxd5 exd5 11. b4 c5 12. bxc5 bxc5 13. dxc5 Nxc5 14. Be2 Nce4 15. Bb2 Rc8 16. Qd4 a5 17. Rfd1 Qe7 18. Nxe4 dxe4 19.
Qd6 Qxd6 20. Rxd6 Rc2 21. Bxf6 Rxe2 22. Be7 Rc8 23. Rb1 Rb2 24. Rbd1 h6 25. Rd8+ Kh7 26. Rxc8 Bxc8 27. Bd8 Ra2 28.
Bxa5 Rxa3 29. Bb4 1/2-1/2

[Event "South Island Championships 2023"]
[Site "Oamaru, New Zealand"]
[Date "????.??.??"]
[Round "6.11"]
[White "Gold, Hamish R"]
[Black "Lee, Dylan E S"]
[Result "1-0"]
[TimeControl "90 + 30"]
[WhiteFideId "4301579"]
[BlackFideId "4310098"]
[WhiteElo "1758"]
[BlackElo "1192"]

1. e4 c6 2. Ne2 d5 3. e5 Bg4 4. h3 Bf5 5. Nd4 e6 6. Nxf5 exf5 7. d4 Nd7 8. Bd3 g6 9. O-O Bg7 10.
Re1 Qe7 11. c3 O-O-O 12. a4 f6 13. f4 Nh6 14. b4 Nf8 15. b5 Ne6 16. bxc6 bxc6 17. Ra2 Kc7 18. Ba3 Qf7 19. Bd6+ Rxd6 20.
exd6+ Kxd6 21. Qc1 g5 22. Qa3+ Kd7 23. Rb2 Re8 24. a5 g4 25. hxg4 Nxg4 26. Bxf5 Qh5 27. Bxg4 Qxg4 28. Rb7+ Kc8 29.
Qb3 Qg3 30. Rb8+ Kd7 31. Qb7+ Kd6 32. Rxe6+ Kxe6 33. Rxe8+ Kf5 34. Qd7+ Kg6 35. f5+ Kh6 36. Qe6 Qc7 37. Qe3+ Kh5 38.
Re7 Qb8 39. Nd2 Qf8 40. Qh3+ Kg5 41. Re3 Bh6 42. Rg3+ Kf4 43. Rg4+ Kxf5 44. Rg8+ 1-0

[Event "South Island Championships 2023"]
[Site "Oamaru, New Zealand"]
[Date "????.??.??"]
[Round "6.5"]
[White "Christie, Richie"]
[Black "Familton, Gregory"]
[Result "1-0"]
[TimeControl "90 + 30"]
[WhiteFideId "4307470"]
[BlackFideId "4317190"]
[WhiteElo "1927"]
[BlackElo "1751"]

1. d4 Nf6 2. Bf4 d5 3. Nc3 c5 4.
e4 Nxe4 5. Nxe4 dxe4 6. dxc5 Qa5+ 7. c3 Qxc5 8. Qa4+ Nc6 9. Qxe4 g6 10. Nf3 Bg7 11. Rd1 Bf5 12. Qa4 O-O 13. Be3 Qa5 14.
Qxa5 Nxa5 15. Bb5 a6 16. Be2 Be6 17. O-O Nc4 18. Bc1 Nd6 19. Bf4 Bxa2 20. Bxd6 exd6 21. Rxd6 Rfe8 22. Re1 Re7 23.
Kf1 Rae8 24. Bd3 Be6 25. Ng5 Rd7 26. Rexe6 Red8 27. Rxd7 Rxd7 28. Re8+ Bf8 29. Bc4 Kg7 30. Ke2 h6 31. Nxf7 Re7+ 32. Rxe7 Bxe7 33.
Ne5 a5 34. Bd3 g5 35. Kf3 b6 36. Ke4 Bc5 37. f3 a4 38. Bc4 h5 39. Bb5 a3 40. bxa3 Bxa3 41. Nd7 Bd6 42. h3 Bc7 43. Kd5 Kg6 44. Bd3+ Kf7 45.
Ne5+ Kf6 46. Nc4 b5 47. Nd2 Ba5 48. Bxb5 Bxc3 49. Ne4+ 1-0

[Event "South Island Championships 2023"]
[Site "Oamaru, New Zealand"]
[Date "????.??.??"]
[Round "6.6"]
[White "Coleman, Phil"]
[Black "Ong, Rommel"]
[Result "0-1"]
[TimeControl "90 + 30"]
[WhiteFideId "4319443"]
[BlackFideId "5259630"]
[WhiteElo "1872"]
[BlackElo "1852"]

1. e4 c5 2. Nf3 d6 3. d4 cxd4 4. Nxd4 Nf6 5. Nc3 a6 6. Bd3 g6 7. f3 Bg7 8. Be3 O-O 9. Qd2 Re8 10.
h4 h5 11. O-O-O Nc6 12. Nb3 Ne5 13. Rdg1 Be6 14. Nd4 Bd7 15. Be2 b5 16. f4 b4 17. fxe5 bxc3 18. Qxc3 dxe5 19. Nb3 Nxe4 20.
Qe1 Nf6 21. Bg5 Ng4 22. Qg3 Qc7 23. Bd2 Rec8 24. Bc3 a5 25. a3 a4 26. Nd2 Bh6 27. Bxg4 Bf4 28. Qe1 Bxg4 29. Kb1 f6 30.
g3 Bh6 31. Qf2 Rab8 32. Ka1 Rd8 33. Rc1 Qc6 34. Rhf1 Qd5 35. Rcd1 Rbc8 36. Nf3 Qc4 37. Rxd8+ Rxd8 38. Nxe5 fxe5 39.
Qf7+ Qxf7 0-1

[Event "South Island Championships 2023"]
[Site "Oamaru, New Zealand"]
[Date "????.??.??"]
[Round "6.9"]
[White "Dolejs, Dan"]
[Black "Kerr, Atlas"]
[Result "0-1"]
[TimeControl "90 + 30"]
[WhiteFideId "4301692"]
[BlackFideId "4319486"]
[WhiteElo "1800"]
[BlackElo "1853"]

1. e4 c6 2. Nf3 d5 3. exd5 cxd5 4. Bb5+ Bd7 5. Bxd7+ Nxd7 6. O-O Ngf6 7. d4 e6 8. Bg5 Qb6 9. b3 Ne4 10. a4 Rc8 11.
a5 Qc6 12. Be3 Qxc2 13. Qxc2 Rxc2 14. a6 b6 15. Na3 Bxa3 16. Rxa3 Ke7 17. Ne5 Nxe5 18. dxe5 f6 19. f3 Nc5 20.
b4 Nd7 21. f4 Rhc8 22. exf6+ gxf6 23. g4 R8c3 24. Rxc3 Rxc3 25. Bd2 Rc2 26. Bc1 Ra2 27. f5 e5 28. b5 d4 29. g5 Kf7 30.
h4 d3 31. Rd1 e4 32. h5 fxg5 33. Bxg5 Rb2 34. Re1 Ne5 35. Rxe4 Nf3+ 36. Kf1 Nxg5 37. Rd4 Rxb5 38. Rd7+ Ke8 39.
Rxa7 Rb1+ 40. Kf2 d2 41. Ra8+ Kd7 42. Ra7+ Kc6 43. Rg7 d1=Q 44. Rxg5 Qd2+ 0-1

[Event "South Island Championships 2023"]
[Site "Oamaru, New Zealand"]
[Date "????.??.??"]
[Round "6.8"]
[White "Mayrhuber, Nikola"]
[Black "Anikonov, Artem"]
[Result "1-0"]
[TimeControl "90 + 30"]
[WhiteFideId "1637819"]
[BlackFideId "34339876"]
[WhiteElo "2059"]
[BlackElo "1721"]

1. d4 d5 2. c4 e6 3. Nc3 Nf6 4. cxd5 exd5 5. Bg5 Be6 6. e3 c5 7. Bb5+ Nbd7 8. Nf3 a6 9. Bxd7+ Qxd7 10.
Ne5 Qc7 11. Bxf6 gxf6 12. Qa4+ Bd7 13. Nxd7 Qxd7 14. Qxd7+ Kxd7 15. Nxd5 Kc6 16. e4 f5 17. f3 fxe4 18. fxe4 Re8 19.
Nf6 Rd8 20. d5+ Kd6 21. Rf1 Bg7 22. Ke2 Bxf6 23. Rxf6+ Ke5 24. Raf1 Kxe4 25. R6f5 1-0

[Event "South Island Championships 2023"]
[Site "Oamaru, New Zealand"]
[Date "????.??.??"]
[Round "6.1"]
[White "Lukey, Stephen G"]
[Black "Zhang, Kendrick Botong"]
[Result "0-1"]
[TimeControl "90 + 30"]
[WhiteFideId "4300386"]
[BlackFideId "4307704"]
[WhiteElo "2307"]
[BlackElo "2067"]

1. d4 Nf6 2. c4 g6 3. Nc3 d5 4. Nf3 Bg7 5. h4 O-O 6. cxd5 Nxd5 7. h5 c5 8. hxg6 hxg6 9. Bh6 Nxc3 10.
bxc3 cxd4 11. Qc1 d3 12. exd3 Nc6 13. Bxg7 Kxg7 14. Qh6+ Kf6 15. Ng5 Rg8 16. Ne4+ Ke6 17. Qf4 f5 18.
Nc5+ Kf6 19. d4 Rh8 20. Rxh8 Qxh8 21. d5 Kf7 22. Kd2 Na5 23. Qc7 b6 24. Nd3 Bb7 25. Re1 Qd8 26. Ne5+ Kg7 27.
Qxd8 Rxd8 28. c4 e6 29. Kc3 exd5 30. cxd5 Rxd5 31. f4 Rc5+ 32. Kb2 Be4 33. Rd1 Rd5 34. Rc1 Rc5 35. Rd1 Rd5 36.
Rc1 Bxg2 37. Bxg2 Rd2+ 38. Rc2 Rd4 39. Rf2 Kf6 40. Nc6 Nxc6 41. Bxc6 g5 42. fxg5+ Kxg5 43. Kc3 Rd6 44. Bb5 f4 45.
Rd2 Re6 46. Rd7 Re3+ 47. Kd4 Ra3 48. Bc4 f3 49. Bb3 a5 50. Kc3 a4 51. Rd5+ Kf4 52. Rd4+ Ke3 53. Rd3 Ke2 54. Rd2+ Ke3 55.
Rd3 Ke4 56. Rd4+ Ke5 57. Rd5+ Ke6 58. Rd3+ axb3 59. axb3 f2 60. Rf3 Ra2 61. Kc4 Ke5 62. Kb5 Ke4 63. Rf8 Rb2 64. b4 Ke3 65.
Rf7 Ke2 66. Re7+ Kd1 67. Rf7 Ke1 68.
Re7+ Re2 69. Rf7 Rd2 0-1

[Event "South Island Championships 2023"]
[Site "Oamaru, New Zealand"]
[Date "????.??.??"]
[Round "6.10"]
[White "McConnell, Jack"]
[Black "Wang, Justin Zhide"]
[Result "1/2-1/2"]
[TimeControl "90 + 30"]
[WhiteFideId "4321871"]
[BlackFideId "4312830"]
[WhiteElo "1640"]
[BlackElo "1849"]

1. e4 e6 2. d4 d5 3. Nc3 Nf6 4. Bg5 Be7 5. e5 Nfd7 6. Bxe7 Qxe7 7. f4 a6 8. Nf3 c5 9. Bd3 Nc6 10. O-O cxd4 11. Ne2 Qc5 12. a3 b5 13.
b4 Qb6 14. Qe1 Bb7 15. Qf2 Rc8 16. Nexd4 Nxd4 17. Qxd4 Qxd4+ 18. Nxd4 Nb6 19. f5 Ke7 20. fxe6 fxe6 21. Nf3 Nc4 22.
Bxc4 dxc4 23. Ng5 Rcf8 24. Rxf8 Rxf8 25. Rf1 Rxf1+ 26. Kxf1 h6 27. Nh3 g5 28. Nf2 Kf7 29. Ng4 Kg6 30. Ne3 h5 31. g3 g4 32. c3 Bd5 33.
Kf2 Bf3 34. Kg1 h4 35. Kf2 hxg3+ 36. hxg3 Be4 37. Ke1 Bf3 38. Kd2 Kg5 39. Kc1 Kg6 40. Kb2 Kf7 41. a4 Kg6 42. axb5 axb5 43.
Ka3 Kg5 44. Kb2 Bd5 45. Kc1 Be4 46. Kd2 Bd3 47. Ke1 1/2-1/2

[Event "South Island Championships 2023"]
[Site "Oamaru, New Zealand"]
[Date "????.??.??"]
[Round "6.7"]
[White "Cummings, Nick"]
[Black "Summers, Paul G"]
[Result "1-0"]
[TimeControl "90 + 30"]
[WhiteFideId "4301218"]
[BlackFideId "3232883"]
[WhiteElo "2094"]
[BlackElo "1799"]

1. Nf3 d6 2. d4 Nf6 3. Nc3 Bf5 4. Bf4 Na6 5. e3 Nb4 6. Rc1 a5 7. Be2 h6 8. O-O g5 9. Bg3 Bg7 10.
Nd2 Qd7 11. a3 Na6 12. e4 Bg6 13. e5 dxe5 14. dxe5 Nd5 15. Nxd5 Qxd5 16.
Bc4 Qc5 17. Qe2 c6 18. Ne4 Bxe4 19. Qxe4 b5 20. Ba2 Rd8 21. Kh1 e6 22. f4 gxf4 23. Qxf4 Rf8 24. Qe4 b4 25. Bf2 Qb5 26. Bc4 Qb7 27. Bh4 Rd7 28. Bxe6 fxe6 29. Qg6+ Rff7 30. Rxf7 Rxf7 31.
Rd1 1-0

[Event "South Island Championships 2023"]
[Site "Oamaru, New Zealand"]
[Date "????.??.??"]
[Round "6.3"]
[White "Lee, Edward S"]
[Black "Stark, John"]
[Result "1-0"]
[TimeControl "90 + 30"]
[WhiteFideId "4303229"]
[BlackFideId "4300963"]
[WhiteElo "2088"]
[BlackElo "2204"]

1. b3 d5 2. Bb2 c6 3. f4 Bf5 4. Nf3 e6 5. e3 h6 6. Be2 Nf6 7. a3 Nbd7 8. d3 Qb6 9. Qd2 Bc5 10. Nd4 Bh7 11.
b4 Bd6 12. g4 e5 13. Nb3 O-O-O 14. g5 hxg5 15. fxg5 Ng8 16. Nc3 Ne7 17. O-O-O Bg6 18. Bg4 Rh4 19. h3 Kb8 20. Qf2 Rhh8 21. Bxd7 Rxd7 22. Na4 Qc7 23.
Nac5 Rdd8 24. e4 d4 25. c3 dxc3 26. Bxc3 Qc8 27. Qg3 f6 28. gxf6 gxf6 29. Rdf1 Rhg8 30. Qh4 b6 31. Rxf6 bxc5 32.
Rxd6 Rxd6 33. Qxe7 Re6 34. Bxe5+ Ka8 35. Qxc5 Qa6 36. Bd4 Qxa3+ 37. Kc2 Bxe4 38. Ra1 Rg2+ 39. Bf2 Bxd3+ 40. Kc3 Rxf2 41.
Qxf2 1-0

[Event "South Island Championships 2023"]
[Site "Oamaru, New Zealand"]
[Date "????.??.??"]
[Round "7.6"]
[White "Kerr, Atlas"]
[Black "Mayrhuber, Nikola"]
[Result "1-0"]
[TimeControl "90 + 30"]
[WhiteFideId "4319486"]
[BlackFideId "1637819"]
[WhiteElo "1853"]
[BlackElo "2059"]

1. b4 d5 2. Bb2 e6 3. Nf3 Nf6 4.
b5 a6 5.
a4 Bd6 6. e3 O-O 7. c4 axb5 8. cxb5 c5 9. Be2 Nbd7 10. d4 cxd4 11. exd4 Ne4 12. O-O f5 13. Ne5 Qf6 14. f3 Ng5 15.
f4 Ne4 16. Nd2 Qh6 17. Nxe4 fxe4 18. Bc1 Qh4 19. g3 Qd8 20. Bd2 Qb6 21. Be3 Bb4 22. Qb3 Qd6 23. Kg2 Nb6 24. h4 Bd7 25.
Rfb1 Ba5 26. Bc1 Rfc8 27. Ba3 Qc7 28. Bc5 Be8 29. Bg4 Bf7 30. f5 exf5 31. Bxf5 Rd8 32. Rf1 Nc4 33. Bxh7+ Kxh7 34.
Rxf7 Qc8 35. Nxc4 dxc4 36. Qe3 Qe6 37. Raf1 Qd5 38. R1f5 Bd2 39. Qe2 Qe6 40. Qxd2 e3 41. Qe2 Kg8 42.
Qg4 Qxf7 43. Rxf7 Kxf7 44. Qf5+ Kg8 45. Qe6+ Kh8 46. Qxc4 1-0

[Event "South Island Championships 2023"]
[Site "Oamaru, New Zealand"]
[Date "????.??.??"]
[Round "7.8"]
[White "McConnell, Jack"]
[Black "Carpinter, Anthony L"]
[Result "1-0"]
[TimeControl "90 + 30"]
[WhiteFideId "4321871"]
[BlackFideId "4300238"]
[WhiteElo "1640"]
[BlackElo "2217"]

1. e4 e6 2. d4 d5 3. Nc3 Nf6 4. Bg5 Be7 5. e5 Nfd7 6. Bxe7 Qxe7 7. f4 a6 8. Nf3 c5 9. Bd3 cxd4 10.
Ne2 Qb4+ 11. Qd2 Qxb2 12. O-O g6 13. f5 gxf5 14. Qh6 Qa3 15. Nfxd4 Qf8 16. Qe3 Nc5 17. Nxf5 exf5 18. Bxf5 Nc6 19.
Bxc8 Rxc8 20. Rad1 Rd8 21. Rf6 Ne6 22. Rdf1 Qc5 23. Rxe6+ 1-0

[Event "South Island Championships 2023"]
[Site "Oamaru, New Zealand"]
[Date "????.??.??"]
[Round "7.3"]
[White "Ong, Rommel"]
[Black "Christie, Richie"]
[Result "1-0"]
[TimeControl "90 + 30"]
[WhiteFideId "5259630"]
[BlackFideId "4307470"]
[WhiteElo "1852"]
[BlackElo "1927"]

1. e4 Nf6 2. e5 Nd5 3. d4 d6 4. Nf3 dxe5 5. Nxe5 c6 6.
Qf3 Be6 7. c3 g6 8. Nd2 Bg7 9. Ne4 f6 10. Nd3 Qc8 11. h3 O-O 12. Be2 Nd7 13. Nec5 Nxc5 14. Nxc5 Bf7 15. O-O Nc7 16. Re1 Bd5 17. Qg3 b6 18.
Nb3 Qd7 19. c4 Bf7 20. Be3 Rae8 21. Rad1 f5 22. Bf4 Ne6 23. Be5 Kh8 24. d5 cxd5 25. cxd5 Bxe5 26. Qxe5+ Ng7 27. Bf3 Qa4 28.
Nd4 Kg8 29. Nc6 e6 30. d6 Rd8 31. Rd4 Qxa2 32. Nxd8 Rxd8 33. d7 Qa5 34. Qxa5 bxa5 35. Re5 Kf8 36. Rxa5 Ke7 37. Rxa7 e5 38. Rd1 Be6 39. Bc6 Nh5 40.
b4 Nf6 41. b5 Bxd7 42. b6 1-0

[Event "South Island Championships 2023"]
[Site "Oamaru, New Zealand"]
[Date "????.??.??"]
[Round "7.11"]
[White "Familton, Gregory"]
[Black "Gold, Hamish R"]
[Result "1/2-1/2"]
[TimeControl "90 + 30"]
[WhiteFideId "4317190"]
[BlackFideId "4301579"]
[WhiteElo "1751"]
[BlackElo "1758"]

1. e4 e6 2. Nc3 d5 3. Nf3 dxe4 4. Nxe4 Bd7 5. d4 Bc6 6. Bd3 Nf6 7. Nxf6+ Qxf6 8. Bg5 Bxf3 9. Qxf3 Qxf3 10.
gxf3 Nc6 11. c3 Be7 12. Bf4 O-O-O 13. Ke2 Bd6 14. Bg3 h5 15. Rag1 g6 16. h4 Ne7 17. Ke3 Rhe8 18. a3 c5 19. Bxd6 cxd4+ 20. Kxd4 Rxd6+ 21. Ke4 Red8 22.
Rd1 Nc6 23. Bc2 Rd2 24. Rxd2 Rxd2 25. Ba4 Ne7 26. Be8 f6 27. Rg1 Rd8 28. Bf7 e5 29. Bxg6 Kc7 30. Bxh5 Rh8 31. Bf7 Rxh4+ 32. Ke3 Kc6 33. Rg4 Rh7 34. Bb3 Rh1 35. Kd2 Rh2 36. Ke2 Rh1 37. Rg7 Rb1 38. Ba4+ Kd6 39. b3 a6 40. c4 Ra1 41.
Rf7 Ke6 42. Rf8 Ra2+ 43. Kf1 Nf5 44. Rb8 Nd6 45. c5 Ra1+ 46. Kg2 Nf5 47. Rxb7 Nh4+ 48. Kg3 Nf5+ 49. Kh2 Nd4 50. Kg2 Kd5 51.
Rb6 Kxc5 52. Rxa6 Rxa3 53. Rxf6 Nxb3 54. Bxb3 Rxb3 55. Re6 Kd5 56. Re8 Rc3 57. Kg3 Ra3 58. Kg4 Ra4+ 59. Kg3 Ra3 60. Rd8+ Ke6 61. Rd2 e4 1/2-1/2

[Event "South Island Championships 2023"]
[Site "Oamaru, New Zealand"]
[Date "????.??.??"]
[Round "7.9"]
[White "Wang, Justin Zhide"]
[Black "Black, Ross"]
[Result "1-0"]
[TimeControl "90 + 30"]
[WhiteFideId "4312830"]
[BlackFideId "4304047"]
[WhiteElo "1849"]
[BlackElo "1724"]

1. e4 e6 2. d4 d5 3. exd5 exd5 4. Bd3 Nf6 5. Ne2 Bd6 6. O-O O-O 7. f4 Bg4 8. Nd2 Nc6 9. c3 Qd7 10.
Nf3 Bxf3 11. Rxf3 Rfe8 12. Ng3 g6 13. f5 Bxg3 14. hxg3 Ne4 15. Qf1 Ne7 16. g4 g5 17. Bxe4 dxe4 18.
Rf2 f6 19. Bxg5 fxg5 20. f6 Kh8 21. fxe7 Qxe7 22. Rf7 Qd6 23. Qf5 Qh6 24. Re1 e3 25. Re2 Rac8 26. g3 Qg6 27. Qxg6 hxg6 28. Rf3 Kg7 29. Rexe3 Rxe3 30.
Rxe3 Kf6 31. Kf2 b5 32. Re5 c6 33. Rc5 a5 34. d5 Ke5 35. dxc6+ Kd6 36. Rxb5 Kxc6 37. Rxg5 Rf8+ 38. Ke2 Re8+ 39.
Kd2 1-0

[Event "South Island Championships 2023"]
[Site "Oamaru, New Zealand"]
[Date "????.??.??"]
[Round "7.4"]
[White "Stark, John"]
[Black "Ha, Timothy Huy Minh"]
[Result "1/2-1/2"]
[TimeControl "90 + 30"]
[WhiteFideId "4300963"]
[BlackFideId "12417246"]
[WhiteElo "2204"]
[BlackElo "1843"]

1. d4 d5 2. c4 e6 3. Nc3 Nf6 4. cxd5 exd5 5. Bg5 c6 6. Nf3 Be7 7. Qc2 O-O 8. e3 Be6 9. Bd3 h6 10.
Bh4 Ne8 11. Bxe7 Qxe7 12. O-O Nd6 13. b4 a6 14. Rab1 b5 15. Ne5 Rc8 16. f4 Nc4 17. Bxc4 bxc4 18. f5 Bd7 19. Qf2 f6 20.
Ng6 Qf7 21. e4 Re8 22. e5 fxe5 23. dxe5 Bc8 24. Na4 Kh7 25. g4 a5 26. Nb6 Ra6 27. Nxc8 Rxc8 28. g5 Qa7 29. gxh6 Kxh6 30.
b5 Qxf2+ 31. Kxf2 Rb6 32. Ne7 Rc7 33. bxc6 Rxb1 34. Rxb1 Nxc6 35. Nxd5 Rd7 36. Rb6 Rxd5 37. Rxc6+ Kg5 38. f6 gxf6 39. exf6 Kg6 40. Ke3 c3 41.
Rxc3 Kxf6 42. Rc4 Rg5 43. h4 Rg3+ 44. Kf4 Ra3 45. Rc6+ Kg7 46. Rc2 Kg6 47. Rh2 Kh5 48. Ke5 Rg3 49.
Kd5 a4 50. Kc4 a3 51. Kb4 Rf3 52. Ka4 Rg3 53. Kb4 Rf3 54. Rh1 Rg3 55. Rh2 1/2-1/2

[Event "South Island Championships 2023"]
[Site "Oamaru, New Zealand"]
[Date "????.??.??"]
[Round "7.2"]
[White "Zhang, Kendrick Botong"]
[Black "Johnson, Quentin J F"]
[Result "1/2-1/2"]
[TimeControl "90 + 30"]
[WhiteFideId "4307704"]
[BlackFideId "4301480"]
[WhiteElo "2067"]
[BlackElo "2089"]

1. e4 c5 2. Nf3 e6 3. d4 cxd4 4. Nxd4 Nc6 5. Nc3 Qc7 6. Be3 a6 7. Qd2 Nf6 8. f3 Be7 9. O-O-O b5 10.
g4 Nxd4 11. Bxd4 Bb7 12. g5 Nh5 13. Be5 Qxe5 14. Qxd7+ Kf8 15. Qxb7 Qb8 16. Rd7 Qxb7 17. Rxb7 Bxg5+ 18. Kb1 g6 19.
a4 bxa4 20. Nxa4 Be3 21. Bc4 Nf4 22. Rd1 Kg7 23. Rdd7 Rhf8 24. Nb6 Rab8 25. Rxf7+ Rxf7 26. Rxb8 a5 27. Bb3 Ne2 28. Bxe6 Rxf3 29.
Nc4 Rf1+ 30. Ka2 Bc5 31. Rb7+ Kh6 32. Bg8 Nc1+ 33. Kb1 Ne2+ 34. Ka2 Nc1+ 1/2-1/2

[Event "South Island Championships 2023"]
[Site "Oamaru, New Zealand"]
[Date "????.??.??"]
[Round "7.1"]
[White "McNabb, Matthew D"]
[Black "Lee, Edward S"]
[Result "1/2-1/2"]
[TimeControl "90 + 30"]
[WhiteFideId "4300823"]
[BlackFideId "4303229"]
[WhiteElo "2236"]
[BlackElo "2088"]

1. d4 f5 2. g4 fxg4 3. h3 d5 4. Bf4 Nf6 5. Nc3 a6 6. Bg2 Nc6 7. Bg5 e6 8. hxg4 Be7 9. e3 b5 10.
a3 Bb7 11. f4 Qd6 12. Bxf6 Bxf6 13. g5 Bxd4 14. exd4 Qxf4 15. Nce2 Qxg5 16. Bf3 e5 17. Qd2 Qxd2+ 18. Kxd2 O-O-O 19. Bg4+ Kb8 20. Nf3 Nxd4 21. Nexd4 exd4 22. Rae1 Rdf8 23. Re7 d3 24. Ne5 Rf4 25. Kxd3 c5 26. Rxg7 Rd4+ 27. Kc3 Rxg4 28.
Rxb7+ Kxb7 29. Nxg4 h5 30. Nf6 d4+ 31. Kd3 h4 32. Rh3 Kc6 33. b4 a5 34. bxc5 Kxc5 35. Ne4+ Kd5 36. Ng5 Rg8 37.
Ne4 Rh8 38. Ng5 Rg8 39. Ne4 Rh8 40. Ng5 Rg8 41. Ne4 Rh8 1/2-1/2

[Event "South Island Championships 2023"]
[Site "Oamaru, New Zealand"]
[Date "????.??.??"]
[Round "7.7"]
[White "Coleman, Phil"]
[Black "Lukey, Stephen G"]
[Result "0-1"]
[TimeControl "90 + 30"]
[WhiteFideId "4319443"]
[BlackFideId "4300386"]
[WhiteElo "1872"]
[BlackElo "2307"]

1. e4 e6 2. Nf3 d5 3. Nc3 Nf6 4. exd5 exd5 5. d4 Bd6 6. Be2 h6 7. h3 c6 8. Be3 Bf5 9. Qd2 Qc7 10.
O-O-O Nbd7 11. Rhe1 O-O-O 12. Kb1 Bb4 13. Bd3 Bxd3 14. cxd3 Rhe8 15. Rc1 a6 16. Bf4 Bd6 17. Be3 Qa5 18.
Qc2 Bb4 19. Qb3 Re7 20. Re2 Rde8 21. Rec2 Bxc3 22. Rxc3 Re6 23. Bf4 g5 24. Be5 Nh7 25. g4 Nhf8 26. Bg3 Ng6 27. h4 gxh4 28.
Bxh4 Nf4 29. Ng1 Re1 30. f3 Rxc1+ 31. Rxc1 Qd2 32. Bg3 Nxd3 33. Rd1 Qg2 34. Qxd3 Qxg3 35. Ne2 Qf2 36. Nc3 Re3 37. Qh7 Qxf3 38. Rg1 Re6 39. Rc1 Kb8 40. Qg8+ Ka7 41.
Qd8 Nb6 42. a4 Qd3+ 43. Ka2 a5 44. b4 Qc4+ 0-1

[Event "South Island Championships 2023"]
[Site "Oamaru, New Zealand"]
[Date "????.??.??"]
[Round "7.5"]
[White "Liu, William Rui"]
[Black "Cummings, Nick"]
[Result "0-1"]
[TimeControl "90 + 30"]
[WhiteFideId "4313593"]
[BlackFideId "4301218"]
[WhiteElo "2094"]
[BlackElo "2094"]

1. e4 c6 2. d4 d5 3. exd5 cxd5 4. Bd3 Nc6 5. c3 Qc7 6. h3 g6 7. Nf3 Bf5 8. O-O Bxd3 9. Qxd3 Nf6 10. Ne5 e6 11. Nd2 Nxe5 12.
dxe5 Nd7 13. Nf3 Bg7 14. Bf4 Nxe5 15. Bxe5 Bxe5 16. Rfe1 Bf6 17.
Qxd5 O-O 18. Qe4 Rfd8 19. Rad1 a6 20. a4 Qb6 21. Qf4 Kg7 22. Rb1 Rac8 23. h4 h5 24. Ng5 Rd5 25. Re3 Rf5 26.
Qg3 Bxg5 27. hxg5 Rc4 28. Rf3 Rg4 29. Qh3 Rfxg5 30. Rd1 Rxg2+ 31. Qxg2 Rxg2+ 32.
Kxg2 Qc6 33. Rd4 g5 34. Kg3 h4+ 35. Kg2 f5 0-1

[Event "South Island Championships 2023"]
[Site "Oamaru, New Zealand"]
[Date "????.??.??"]
[Round "7.10"]
[White "Malcolm, Leo"]
[Black "Van Der Krogt, Adrian"]
[Result "1-0"]
[TimeControl "90 + 30"]
[WhiteFideId "4317408"]
[BlackFideId "4319567"]
[WhiteElo "1876"]
[BlackElo "1707"]

1. e4 e6 2. d4 d5 3. e5 c5 4. c3 Nc6 5. Nf3 Qb6 6. Bd3 Bd7 7. dxc5 Bxc5 8. O-O Qc7 9. Qe2 Nge7 10.
Bf4 a5 11. a4 h6 12. h4 Qb6 13. Na3 Bxa3 14. Rxa3 Ng6 15. Be3 Qc7 16. Bxg6 fxg6 17. Qc2 Ne7 18. Rd1 O-O 19. Rd4 Rf5 20.
c4 Bc6 21. Rg4 Rc8 22. Nd4 Rxe5 23. f4 Re4 24. c5 Bd7 25. Nb5 Bxb5 26. axb5 Nf5 27. Bf2 Rc4 28. Qe2 Re4 29. Qd3 Rxf4 30.
Rxg6 Nxh4 31. Rxe6 Rxf2 32. Kxf2 Rf8+ 33. Kg1 Qxc5+ 34. Kh2 Qc7+ 35. Qg3 Qd7 36. Re5 Nf5 37. Qd3 d4 38. Rxa5 Qc7 39.
b6 Qxb6 40. Rxf5 Re8 41. Rab5 Qd6+ 42. Qg3 Qc6 43. Rbc5 Qb6 44. Rc7 g5 45. Rxg5+ Kh8 46. Rg8+ Rxg8 47. Qe5+ 1-0

[Event "South Island Championships 2023"]
[Site "Oamaru, New Zealand"]
[Date "2023.09.30"]
[Round "8.10"]
[White "Holdo, Karl"]
[Black "Summers, Paul G"]
[Result "1-0"]
[TimeControl "90 + 30"]
[WhiteFideId "4304586"]
[BlackFideId "3232883"]
[WhiteElo "1551"]
[BlackElo "1799"]

1. e4 e5 2. Nf3 Nc6 3. Bc4 Bc5 4. c3 Nf6 5. d3 d6 6. Nbd2 O-O 7. O-O a6 8. Bb3 h6 9. h3 b5 10.
Re1 Be6 11. Nf1 Qd7 12. Ng3 Bxh3 13. gxh3 Qxh3 14. Be3 Bxe3 15. Rxe3 g5 16. Qf1 Qd7 17. Nf5 g4 18. N3h4 Kh7 19.
a4 b4 20. a5 bxc3 21. bxc3 Ne7 22. Nxe7 Qxe7 23. Nf5 Qd8 24. d4 Nh5 25. dxe5 dxe5 26. Rd1 Qg5 27. Rd7 Nf4 28. Bxf7 Rad8 29.
Bg6+ Kxg6 30. Rg7+ Kf6 31. Rxg5 Kxg5 32. Qxa6 Rd1+ 33. Kh2 Rf6 34. Qb5 Rd2 35. Qxe5 Rxf2+ 36. Kg1 Ng6 37. Qxf6+ Kxf6 38. Kxf2 h5 39. a6 1-0

[Event "South Island Championships 2023"]
[Site "Oamaru, New Zealand"]
[Date "2023.09.30"]
[Round "8.3"]
[White "Lukey, Stephen G"]
[Black "Johnson, Quentin J F"]
[Result "1-0"]
[TimeControl "90 + 30"]
[WhiteFideId "4300386"]
[BlackFideId "4301480"]
[WhiteElo "2307"]
[BlackElo "2089"]

1. d4 d5 2. c4 e6 3. Nc3 Be7 4. cxd5 exd5 5. Bf4 c6 6. e3 Bf5 7. g4 Be4 8. Nxe4 dxe4 9. Bc4 Qa5+ 10.
Kf1 b5 11. Qb3 bxc4 12. Qb7 Nf6 13. Qxa8 O-O 14. Bxb8 c3 15. Qb7 c2 16. Ne2 Qd2 17. Qb3 Qd1+ 18. Rxd1 cxd1=Q+ 19.
Qxd1 1-0

[Event "South Island Championships 2023"]
[Site "Oamaru, New Zealand"]
[Date "2023.09.30"]
[Round "8.8"]
[White "Mischke, Andreas"]
[Black "Liu, William Rui"]
[Result "0-1"]
[TimeControl "90 + 30"]
[WhiteFideId "34649840"]
[BlackFideId "4313593"]
[WhiteElo "1680"]
[BlackElo "2094"]

1. e4 c5 2. Nc3 Nc6 3. Bb5 g6 4. Bxc6 dxc6 5. f4 Bg7 6. Nf3 Nf6 7. d3 O-O 8. O-O b6 9. Qe1 b5 10.
f5 b4 11. e5 bxc3 12. exf6 Bxf6 13. b3 Bxf5 14. Bh6 Re8 15. Qf2 Bg4 16. Be3 Bxf3 17. Qxf3 Qd5 18. Qxd5 cxd5 19. Bxc5 Bg7 20.
Rf4 d4 21. Re1 e5 22. Rfe4 f5 23. R4e2 Kf7 24. Bd6 Re6 25. Bc5 Rc6 26. b4 a5 27. a3 axb4 28. Bxb4 Ke6 29. Rf2 Kd5 30.
g4 Bh6 31. Kg2 Be3 32. Rf3 Rf6 33. Ref1 Ra7 34. gxf5 gxf5 35. Rg3 Raf7 36. Rg8 Rg6+ 37. Rxg6 hxg6 38. Re1 Bd2 39. Rg1 g5 40.
Ra1 e4 41. dxe4+ fxe4 42. Rd1 e3 43. Rf1 Rxf1 44. Kxf1 d3 45. cxd3 c2 46. Bxd2 exd2 0-1